 Dungeon Crawl Stone Soup version 0.23.2-1-ga50397a (webtiles) character file.

Game seed: 5012452758753522297

155 sankara the Chopper (level 5, -2/47 HPs)
             Began as a Hill Orc Monk on May 12, 2019.
             Slain by an orc priest
             ... wielding a +0 trident
              (7 damage)
             ... on level 3 of the Dungeon.
             The game lasted 00:07:44 (1959 turns).

sankara the Chopper (Hill Orc Monk)                 Turns: 1959, Time: 00:07:45

Health: -2/47      AC:  5    Str: 15    XL:     5   Next: 37%
Magic:  5/5        EV: 11    Int: 10    God:
Gold:   73         SH:  0    Dex: 13    Spells: 4/4 levels left

rFire    . . .     SeeInvis .   a - +0 hand axe
rCold    . . .     Gourm    .   (no shield)
rNeg     . . .     Faith    .   k - +0 ring mail
rPois    .         Spirit   .   d - +0 hat
rElec    .         Reflect  .   (no cloak)
rCorr    .         Harm     .   (no gloves)
MR       .....                  (no boots)
Stlth    +.........             (no amulet)
HPRegen  0.15/turn              (no ring)
MPRegen  0.09/turn              (no ring)

@: hasted, very quick
A: no striking features
a: Convert to Beogh


You were on level 3 of the Dungeon.
You were not hungry.

You visited 1 branch of the dungeon, and saw 3 of its levels.

You collected 73 gold pieces.

Inventory:

Hand Weapons
 a - a +0 hand axe (weapon)
Missiles
 f - 31 stones
 g - 8 javelins (quivered)
Armour
 d - a +0 hat (worn)
   (You found it on level 1 of the Dungeon)
 k - a +0 ring mail (worn)
   (You found it on level 1 of the Dungeon)
Jewellery
 n - an uncursed ring of teleportation {+/*tele, !d}
   (You found it on level 2 of the Dungeon)
Scrolls
 e - 3 scrolls of remove curse
 h - a scroll of enchant armour {unknown}
 j - a scroll of immolation {unknown}
 m - a scroll of noise {unknown}
Comestibles
 c - 3 rations


   Skills:
 + Level 4.7 Fighting
 * Level 6.2 Axes
 + Level 2.3 Armour
 - Level 2.4 Dodging
 - Level 1.5 Stealth


You had 4 spell levels left.
You didn't know any spells.
Your spell library was empty.

Dungeon Overview and Level Annotations

Branches:
Dungeon (3/15)

Altars:
Ru
Xom

Annotations:
D:3 1 runed translucent door, Crazy Yiuf


Message History

The slug dart hits you.
You hit the dart slug.
The dart slug is heavily wounded.
The dart slug bites you but does no damage.
You hit the dart slug.
You kill the dart slug!
No target in view!
No target in view!
m - a scroll labeled HIYRPH RYH DIF
c - 3 rations (gained 1) Key pressed, stopping explore.
Key pressed, stopping explore.
Key pressed, stopping explore.
All of the chunks of flesh in your inventory have rotted away.
Marking area around Crazy Yiuf as unsafe for travelling.
You're in a travel-excluded area, stopping explore.
Unknown command.
You're in a travel-excluded area, stopping explore.
Crazy Yiuf shouts!
Crazy Yiuf cries, "You leg down broken song, no?"
Crazy Yiuf says, "Candle!"
There is a stone staircase leading down here.
Key pressed, stopping explore.
There is an open door here.
An orc comes into view. It is wielding a +0 flail.
The orc shouts!
You hear a shout!
An orc priest comes into view. It is wielding a +0 trident.
An orc comes into view. It is wielding a +0 dagger.
The orc shouts!
The orc priest shouts, "Join the one true god or die!" (press Y on the ability menu to convert to Beogh)
The orc priest shouts!
An orc comes into view. It is wielding a +0 falchion.
The orc shouts!
The orc hits you but does no damage.
You hit the orc.
The orc is heavily wounded.
An orc comes into view.
The orc priest mumbles some strange prayers to Beogh against you.
Beogh smites you! The orc misses you.
You hit the orc.
The orc is severely wounded.
The orc hits you with a +0 flail.
You closely miss the orc.
The orc is severely wounded.
The orc priest miscasts a cantrip.
You closely miss the orc.
The orc is severely wounded.
The orc hits you with a +0 flail.
You are too injured to fight recklessly!
You are too injured to fight recklessly!
You are too injured to fight recklessly!
You barely miss the orc.
The orc is severely wounded.
The orc closely misses you.
The orc priest threatens, "By the altar or by the axe, you will meet Beogh!"
You hit the orc.
You kill the orc!
The orc priest calls down the wrath of Beogh upon you.
Beogh smites you!
You barely miss the orc. The orc hits you with a +0 dagger.
The orc priest casts a cantrip, but nothing happens.
You hit the orc.
You kill the orc!
The orc priest invokes the aid of Beogh against you.
Pain shoots through your body!
* * * LOW HITPOINT WARNING * * *
Things that are here:
a +0 dagger; a +0 flail; an orc corpse You hit the orc priest but do no damage.
The orc priest hits you but does no damage.
Okay, then.
It was a potion of heal wounds.
You feel much better. The orc priest closely misses you.
You hit the orc priest but do no damage.
The orc priest shouts, "Beogh is our master!
Accept the truth or die!"
The orc priest hits you with a +0 trident.
You hit the orc priest.
The orc priest is lightly wounded.
You hit the orc priest but do no damage.
The orc priest is lightly wounded.
The orc priest shouts, "Surrender to Beogh and we'll let you live!"
The orc priest hits you with a +0 trident.
You hit the orc priest but do no damage.
The orc priest is lightly wounded.
The orc priest mumbles some strange prayers to Beogh against you.
Beogh smites you!
* * * LOW HITPOINT WARNING * * *
You completely miss the orc priest.
The orc priest is lightly wounded.
The orc priest barely misses you.
You barely miss the orc priest.
The orc priest shouts, "Join the one true god or die!"
The orc priest is lightly wounded.
The orc priest mumbles some strange prayers to Beogh against you.
Beogh smites you!
* * * LOW HITPOINT WARNING * * *
It was a potion of haste.
You feel yourself speed up.
The orc priest hits you with a +0 trident!
You die...

#.# #.# #.# #.#
#o# #o# #o# #@#
#.# #.# #.#
######## #.#
.).....# #.#
)).....# #.#
.......# #.#
.......#########.#


You could see an orc priest and 2 orcs.

Vanquished Creatures
  2 orc wizards (D:3)
  2 hound skeletons (D:3)
  An adder (D:3)
  3 dart slugs
  A leopard gecko (D:3)
  13 orcs (D:3)
  4 bats
  3 giant cockroaches
  5 goblins
  2 hobgoblins
  A quokka (D:3)
  2 frilled lizards (D:1)
  5 kobolds (D:1)
  4 rats
48 creatures vanquished.

Notes
Turn   | Place    | Note
-------+----------+-------------------------------------------
     0 | D:1      | sankara the Hill Orc Monk began the quest for the Orb.
     0 | D:1      | Reached XP level 1. HP: 19/19 MP: 1/1
   138 | D:1      | Reached XP level 2. HP: 27/27 MP: 2/2
   307 | D:1      | Reached skill level 4 in Fighting
   491 | D:1      | Reached skill level 1 in Armour
   491 | D:1      | Reached XP level 3. HP: 32/33 MP: 3/3
   803 | D:3      | Found a sacrificial altar of Ru.
   807 | D:3      | Found a shimmering altar of Xom.
   908 | D:3      | Reached skill level 5 in Axes
   934 | D:3      | Reached XP level 4. HP: 34/41 MP: 4/4
  1181 | D:3      | HP: 9/41 [orc wizard/+0 dagger (2)]
  1182 | D:3      | Reached skill level 2 in Armour
  1182 | D:3      | Reached XP level 5. HP: 10/47 MP: 5/5
  1534 | D:3      | Reached skill level 6 in Axes
  1869 | D:3      | Found a runed translucent door.
  1870 | D:3      | Noticed Crazy Yiuf
  1950 | D:3      | HP: 7/47 [orc priest/nerve-wracking pain (13)]
  1958 | D:3      | HP: 5/47 [orc priest/divine providence (10)]
  1959 | D:3      | Slain by an orc priest

Skill      XL: |  1  2  3  4  5 |
---------------+----------------+-----
Fighting       | 4 |  4.7
Armour         | 1 2 |  2.3
Axes           | 5 6 |  6.2
Dodging        | |  2.4
Stealth        | |  1.5

Action                   |  1- 3 |  4- 6 || total
-------------------------+-------+-------++-------
Melee: Hand axe          |    83 |    82 ||   165
  Use: Scroll            |     3 |       ||     3
       Potion            |     2 |     3 ||     5
 Stab: Sleeping          |     1 |       ||     1
  Eat: Chunk             |       |     3 ||     3
Armor: Ring mail         |    28 |    38 ||    66
       Skin              |    35 |       ||    35
Dodge: Dodged            |    41 |    46 ||    87

Levels and vault maps discovered:
D:1:      giann_bridges, layout_basic, glass_columns_a
D:2:      layout_basic
D:3:      layout_basic, minitemple, serial_park_tiny_2,
          minmay_misc_feat_four_crosses, item_on_display_a,
          uniq_crazy_yiuf_cottage

Table legend:
 A = Turns spent in this place as a percentage of turns spent in the entire game.
 B = Non-inter-level travel turns spent in this place as a percentage of non-inter-level travel turns spent in the entire game.
 C = Inter-level travel turns spent in this place as a percentage of turns spent in this place.
 D = Turns resting spent in this place as a percentage of non-inter-level travel turns spent in this place.
 E = Turns spent auto-exploring this place as a percentage of non-inter-level travel turns spent in this place.
 F = Non-inter-level travel turns spent in this place divided by the number of levels of this place that you've seen.
                   A       B       C       D       E      F
               +-------+-------+-------+-------+-------+----------------------
         Total | 100.0 | 100.0 |   4.2 |  26.1 |  50.9 | 625.7
       Dungeon | 100.0 | 100.0 |   4.2 |  26.1 |  50.9 | 625.7
               +-------+-------+-------+-------+-------+----------------------

Table legend:
 A = Kills in this place as a percentage of kills in entire the game.
 B = Kills by you in this place as a percentage of kills by you in the entire game.
 C = Kills by friends in this place as a percentage of kills by friends in the entire game.
 D = Other kills in this place as a percentage of other kills in the entire game.
 E = Experience gained in this place as a percentage of experience gained in the entire game.
 F = Experience gained in this place divided by the number of levels of this place that you have seen.
                   A       B       C       D       E      F
               +-------+-------+-------+-------+-------+----------------------
         Total | 100.0 | 100.0 |   N/A |   N/A | 100.0 |  74.0
       Dungeon | 100.0 | 100.0 |   N/A |   N/A | 100.0 |  74.0
               +-------+-------+-------+-------+-------+----------------------
